 Dungeon Crawl Stone Soup version 0.18-a0-1799-g6250cb2 (webtiles) character file.

92 macross the Sneak (level 4, -2/21 HPs)
             Began as a Spriggan Enchanter on Apr 23, 2016.
             Killed from afar by Sigmund (8 damage)
             ... with a magic dart
             ... on level 3 of the Dungeon.
             The game lasted 00:08:00 (3058 turns).

macross the Sneak (Spriggan Enchanter)              Turns: 3058, Time: 00:08:01

Health: -2/21      AC:  3    Str:  4    XL:     4   Next: 35%
Magic:  4/9        EV: 19    Int: 16    God:
Gold:   209        SH:  0    Dex: 17    Spells: 2 memorised, 5 levels left

rFire  . . .     SeeInvis +     a - +1 dagger
rCold  . . .     Gourm    .     b - +1 robe
rNeg   . . .     Faith    .     (shield restricted)
rPois  .         Spirit   .     (helmet restricted)
rElec  .         Dismiss  .     (no cloak)
rCorr  .         Reflect  .     (gloves unavailable)
SustAt .         Harm     .     (boots unavailable)
MR     .....                    (no amulet)
Stlth  ++++......               (no ring)
                                (no ring)

@: very quick, not resistant to hostile enchantments, stealthy
A: unfitting armour, see invisible, herbivore 3, speed 3, slow metabolism 2
a: no special abilities


You were on level 3 of the Dungeon.
You were hungry.

You visited 1 branch of the dungeon, and saw 3 of its levels.

You collected 209 gold pieces.

Inventory:

Hand Weapons
 a - a +1 dagger (weapon)
Armour
 b - a +1 robe (worn)
Jewellery
 e - an uncursed ring of stealth {unknown}
 n - an uncursed ring of magical power {unknown}
Scrolls
 f - a scroll of immolation {unknown}
 h - a scroll of enchant armour {unknown}
 i - a scroll of teleportation {unknown}
 j - 3 scrolls of identify {unknown}
 o - a scroll of fear {unknown}
Potions
 g - a potion of might {unknown}
 k - a potion of lignification {unknown}
 l - a potion of heal wounds {unknown}
 m - a potion of brilliance {unknown}
 p - a potion of magic {unknown}
 q - a potion of invisibility {unknown}
Books
 c - a book of Maledictions

   Spells                             Type                      Level
   a - Corona                         Hexes                        1
   b - Ensorcelled Hibernation        Hexes/Ice                    2
   c - Confuse                        Hexes                        3
   d - Tukima's Dance                 Hexes                        3
   e - Dazzling Spray                 Conjuration/Hexes            3
Comestibles
 d - 2 bread rations


   Skills:
 + Level 0.4 Fighting
 * Level 2.0 Short Blades
 + Level 4.1 Dodging
 * Level 5.9 Stealth
 + Level 3.1 Spellcasting
 + Level 3.9 Hexes


You had 5 spell levels left.
You knew the following spells:

 Your Spells              Type           Power        Failure   Level  Hunger
a - Corona                Hex            ###....      4%          1    None
b - Tukima's Dance        Hex            ###.....     12%         3    ###....


Dungeon Overview and Level Annotations

Branches:
Dungeon (3/15)

Altars:
Fedhas

Annotations:
D:3 Robin, Sigmund


Innate Abilities, Weirdness & Mutations

You are tiny and cannot use many weapons and most armour.
You have supernaturally acute eyesight.
You are a herbivore.
You cover ground extremely quickly.
You need consume almost no food.


Message History

Sigmund is lightly wounded.
Your scythe hits Sigmund. You barely miss Sigmund.
Sigmund is lightly wounded.
Sigmund hits you.
You hit Sigmund.
Sigmund is moderately wounded.
Sigmund hits you.
You closely miss Sigmund.
Sigmund is moderately wounded.
Sigmund hits you.
* * * LOW HITPOINT WARNING * * *
Your scythe hits Sigmund! You hit Sigmund but do no damage.
Sigmund is severely wounded.
Sigmund misses you.
You are feeling hungry.
Sigmund casts a spell at you. The magic dart hits you!
You die...

............#### ...........
.......รท.......# #..........
...............# #..........
...............# #......)...
...............# #......(...
.....##'##.....#####..........
..... #.##................#.##
..... #. #................#..
#. #...@....@..(....##.#
..............[.....# .#
#.#.##########'#..### .# # #.
..##.# .. #. #### .# .# #


You could see Sigmund.

Vanquished Creatures
  3 adders
  An ooze (D:1)
  A worm (D:2)
  5 giant geckos
  A giant cockroach (D:2)
  9 goblins
  3 hobgoblins
  A quokka (D:3)
  8 bats
  6 giant newts
  8 kobolds
  14 rats
60 creatures vanquished.

Vanquished Creatures (others)
  A dancing weapon (D:3)
1 creature vanquished.

Grand Total: 61 creatures vanquished

Notes
Turn   | Place    | Note
--------------------------------------------------------------
     0 | D:1      | macross the Spriggan Enchanter began the quest for the Orb.
     0 | D:1      | Reached XP level 1. HP: 9/9 MP: 5/5
   323 | D:1      | Reached XP level 2. HP: 6/13 MP: 4/6
   511 | D:1      | Reached skill level 5 in Stealth
  1269 | D:1      | Reached XP level 3. HP: 16/16 MP: 8/8
  1971 | D:2      | Found a blossoming altar of Fedhas.
  2334 | D:3      | Found a faded altar to an unknown god.
  2409 | D:3      | Reached XP level 4. HP: 21/21 MP: 9/9
  2932 | D:3      | Noticed Robin
  2936 | D:3      | Learned a level 3 spell: Tukima's Dance
  3038 | D:3      | Noticed Sigmund
  3058 | D:3      | Killed from afar by Sigmund

Vault maps used:
D:1:      dpeg_arrival_water_fire
D:2:      old_standard_altar
D:3:      marbit_many_paths, ecumenical_altar_1, minmay_item_behind_shaft,
          uniq_robin, uniq_sigmund

Skill      XL: |  1  2  3  4 |
---------------+-------------+-----
Stealth        | 5 |  5.9
Spellcasting   | 3 |  3.1
Dodging        | 4 |  4.1
Short Blades   | 2 |  2.0
Fighting       | |  0.4
Hexes          | |  3.9

Action                   |  1- 3 |  4- 6 || total
-------------------------+-------+-------++-------
Melee: Dagger            |   156 |    70 ||   226
 Cast: Corona            |    11 |     6 ||    17
       Tukima's Dance    |       |     4 ||     4
 Stab: Sleeping          |    14 |     5 ||    19
       Distracted        |       |     2 ||     2
Armor: Robe              |    16 |     5 ||    21
Dodge: Dodged            |   128 |    61 ||   189
